 Dungeon Crawl Stone Soup version 0.30-a0-956-gcec3b41aec (webtiles) character file.

Game seed: 6137346712989944294

398 HoaS the Skirmisher (level 7, -3/50 HPs)
             Began as a Formicid Hunter on Mar 29, 2023.
             Slain by a water moccasin (7 damage)
             ... on level 6 of the Dungeon.
             The game lasted 00:05:08 (2376 turns).

HoaS the Skirmisher (Formicid Hunter)               Turns: 2376, Time: 00:05:08

Health: -3/50      AC:  4    Str: 15    XL:     7   Next: 10%
Magic:  7/7        EV: 12    Int:  9    God:
Gold:   157        SH:  0    Dex: 19    Spells: 6/6 levels left

rFire   . . .      SeeInvis +    a - +0 shortbow
rCold   . . .      Faith    .    (no shield)
rNeg    + . .      Spirit   .    c - +0 leather armour
rPois   .          Reflect  .    (helmet unavailable)
rElec   .          Rampage  .    f - +0 cloak
rCorr   .                        (no gloves)
Will    +....                    (no boots)
Stlth   ++                       i - amulet of the acrobat
HPRegen 0.28/turn                e - ring of positive energy
MPRegen 0.10/turn                h - ring of willpower

@: lethally poisoned (-3 -> -8)
A: permanent stasis, dig shafts and tunnels, antennae 3, four strong arms
a: Dig, Shaft Self


You were on level 6 of the Dungeon.
You visited 1 branch of the dungeon, and saw 5 of its levels.

You collected 157 gold pieces.

Inventory:

Hand Weapons
 a - a +0 shortbow (weapon)
Armour
 c - a +0 leather armour (worn)
 f - a +0 cloak (worn)
 l - a +0 chain mail
Jewellery
 e - a ring of positive energy (left hand)
 h - a ring of willpower (right hand)
 i - an amulet of the acrobat (around neck)
Scrolls
 b - a scroll of immolation
Potions
 d - a potion of curing
 g - a potion of resistance
 j - a potion of mutation
 k - a potion of lignification
 m - a potion of heal wounds {unknown}


   Skills:
 - Level 2.1 Fighting
 + Level 8.0 Ranged Weapons
 - Level 1.7 Dodging
 - Level 1.2 Stealth


You had 6 spell levels left.
You didn't know any spells.
Your spell library was empty.

Dungeon Overview and Level Annotations

Branches:
Dungeon (6/15)
 Temple: D:4-7

Altars:

Shops:
D:2 ?


Innate Abilities, Weirdness & Mutations

You cannot be hasted, slowed, berserked, paralysed or teleported.
You can dig through walls and to a lower floor.
You have a pair of large antennae on your head. (SInv)
Your four strong arms can wield two-handed weapons with a shield.


Message History

The water moccasin barely misses you.
The water moccasin bites you but does no damage.
You shoot an arrow. The arrow hits the water moccasin.
The water moccasin is lightly wounded.
You feel very sick.
The water moccasin bites you but does no damage.
You shoot an arrow.
The arrow barely misses the water moccasin.
You feel very sick.
The water moccasin barely misses you. x2
You shoot an arrow.
The arrow barely misses the water moccasin.
You feel sick. The water moccasin barely misses you.
You shoot an arrow. The arrow hits the water moccasin.
The water moccasin is moderately wounded.
You feel sick. The water moccasin barely misses you.
The water moccasin bites you.
You are more poisoned.
The water moccasin poisons you!
You shoot an arrow. The arrow misses the water moccasin.
You feel very sick. The water moccasin barely misses you.
The water moccasin bites you!
* * * LOW HITPOINT WARNING * * *
You shoot an arrow. The arrow hits the water moccasin.
The water moccasin is moderately wounded.
* * * LOW HITPOINT WARNING * * *
You feel very sick. The water moccasin bites you.
* * * LOW HITPOINT WARNING * * *
You shoot an arrow.
The arrow barely misses the water moccasin.
* * * LOW HITPOINT WARNING * * *
You feel sick. The water moccasin bites you.
* * * LOW HITPOINT WARNING * * *
The water moccasin bites you but does no damage.
You shoot an arrow.
The arrow barely misses the water moccasin.
* * * LOW HITPOINT WARNING * * *
You feel sick. The water moccasin bites you!
You die...

..##############
.......>........
#.#####.########
#...........#
#..####.###.# #@#
#.# #S# #.#####.#
#######.###.......#
............#######
#######.##.........
#....+.........
#####...##.........
#..................
#######..##########


You could see a water moccasin.

Vanquished Creatures
  Sigmund (D:2)
  A phantom (D:6)
  10 adders
  A worm (D:2)
  5 dart slugs
  An orc (D:3)
  9 bats
  5 endoplasms
  5 goblins
  8 hobgoblins
  4 jackals (D:1)
  3 kobolds
  2 quokkas (D:3)
  4 ball pythons
  3 frilled lizards
  4 rats
66 creatures vanquished.

Notes
Turn   | Place    | Note
-------+----------+-------------------------------------------
     0 | D:1      | HoaS the Formicid Hunter began the quest for the Orb.
     0 | D:1      | Reached XP level 1. HP: 16/16 MP: 1/1
    55 | D:1      | Reached XP level 2. HP: 22/22 MP: 2/2
    99 | D:1      | Reached XP level 3. HP: 27/27 MP: 3/3
   194 | D:1      | Reached skill level 5 in Ranged Weapons
   504 | D:2      | Noticed Sigmund
   636 | D:2      | Killed Sigmund
   637 | D:2      | Reached skill level 6 in Ranged Weapons
   637 | D:2      | Reached XP level 4. HP: 7/33 MP: 4/4
   637 | D:2      | Reached XP level 5. HP: 9/38 MP: 5/5
   637 | D:2      | Reached XP level 6. HP: 10/44 MP: 6/6
   892 | D:2      | Found a faded altar of an unknown god.
  1101 | D:2      | Found Gaepy's Magic Scroll Shoppe.
  1332 | D:3      | Reached skill level 7 in Ranged Weapons
  1655 | D:3      | Identified the +4 mace of Nufuz {elec, rElec rC+ Int+4}
  2251 | D:4      | You fall into a shaft and drop 2 floors!
  2276 | D:6      | Reached skill level 8 in Ranged Weapons
  2276 | D:6      | Reached XP level 7. HP: 33/50 MP: 7/7
  2355 | D:6      | Noticed a water moccasin
  2376 | D:6      | Slain by a water moccasin

Illustrated notes

Levels and vault maps discovered:
D:1:      lightli_arrival_noodles, layout_rooms
D:2:      layout_basic, serial_shops, shop, ebering_ecumenical_altar_abandoned,
          uniq_sigmund
D:3:      layout_basic, nicolae_half_adder
D:4:      layout_cave_pools, old_standard_altar
D:6:      layout_basic, minivault_27, st_stairs_14

Skill      XL: |  1  2  3  4  5  6 |
---------------+-------------------+-----
Ranged Weapons | 6 8 |  8.0
Fighting       | |  2.1
Dodging        | |  1.7
Stealth        | |  1.2

Action                     |  1- 3 |  4- 6 |  7- 9 || total
---------------------------+-------+-------+-------++-------
   Fire: Shortbow          |    70 |   122 |    11 ||   203
    Use: Scroll            |     5 |     5 |       ||    10
 Armour: Leather armour    |     2 |    14 |     3 ||    19
  Dodge: Dodged            |    15 |    33 |     9 ||    57

Table legend: (Time is in decaauts)
 A = Elapsed time spent in this place.
 B = Non-inter-level travel time spent in this place.
 C = Inter-level travel time spent in this place.
 D = Time resting spent in this place.
 E = Time spent auto-exploring this place.
 F = Levels seen in this place.
 G = Mean time per level.
                   A        B        C        D        E       F      G
               +--------+--------+--------+--------+--------+-----+--------+
         Total |   2418 |   2332 |     86 |    551 |   1325 |   5 |  483.6 |
       Dungeon |   2418 |   2332 |     86 |    551 |   1325 |   5 |  483.6 |
               +--------+--------+--------+--------+--------+-----+--------+

Top non-repeatable levels by time:
     D:3: 919 daAuts
     D:2: 739 daAuts
     D:1: 559 daAuts
     D:6: 129 daAuts
     D:4: 70 daAuts
